 Dungeon Crawl Stone Soup version 0.31-a0-267-g3fc6992b3b (webtiles) character file.

Game seed: 1957553548361574589

11330 qw the Skirmisher (level 11, -23/72 HPs)
             Began as a Gargoyle Hexslinger on July 13, 2023.
             Was an Elder of Okawaru.
             Annihilated by a shadow (28 damage)
             ... on level 10 of the Dungeon.
             The game lasted 00:04:57 (9152 turns).

qw the Skirmisher (Gargoyle Hexslinger)             Turns: 9152, Time: 00:04:58

Health: -23/72     AC: 23    Str: 13    XL:     11   Next: 76%
Magic:  13/14      EV: 16    Int: 13    God:    Okawaru [****..]
Gold:   402        SH:  0    Dex: 16    Spells: 11/12 levels left

rFire   . . .        a - +1 orcbow
rCold   . . .        (shield currently unavailable)
rNeg    + . .        n - +2 leather armour {Will+}
rPois   inf          t - +1 helmet
rElec   +            q - +0 cloak
rCorr   .            i - +0 pair of gloves
SInv    .            (no boots)
Will    +....        g - amulet of regeneration
Stlth   +++          h - +4 ring of protection
HPRegen 1.12/turn    r - +4 ring of slaying {mikee}
MPRegen 0.14/turn

%: no passive effects
@: about to teleport, heroic, slowed, very slow
A: sickness immunity, AC +8, negative energy resistance 1, electricity
resistance, torment resistance 1, petrification resistance
a: Renounce Religion, Heroism, Finesse


You were on level 10 of the Dungeon.
You worshipped Okawaru.
Okawaru was greatly pleased with you.
You visited 2 branches of the dungeon, and saw 11 of its levels.
You also visited: Ossuary.

You collected 486 gold pieces.
You spent 84 gold pieces at shops.


Innate Abilities, Weirdness & Mutations

You are immune to sickness and miasma.
Your stone body is resilient. (AC +8)
You are immune to poison.
You resist negative energy. (rN+)
You are resistant to electric shocks. (rElec)
You are resistant to unholy torment.
You are immune to petrification.


   Skills:
 - Level 10.0(15.0) Fighting
 + Level 14.3(19.3) Ranged Weapons
 - Level 3.0(8.0) Armour
 - Level 4.0(9.0) Dodging
 - Level 1.0 Spellcasting
 - Level 2.6 Hexes
 + Level 4.5 Invocations


You had 11 spell levels left.
You knew the following spells:

 Your Spells              Type           Power      Damage    Failure   Level
a - Slow                  Hex            28%        N/A       12%         1

Your spell library contained the following spells:

 Spells                   Type           Power      Damage    Failure   Level
 Inner Flame              Hex/Fire       4%         N/A       52%         3
 Portal Projectile        Hex/Tloc       8%         N/A       52%         3
 Cause Fear               Hex            3%         N/A       75%         4

Inventory:

Hand Weapons
 a - a +1 orcbow (weapon)
Armour
 i - a +0 pair of gloves (worn)
 k - +1 steam dragon scales
 n - a +2 leather armour of willpower (worn)
 q - a +0 cloak (worn)
 t - a +1 helmet (worn)
Jewellery
 e - the ring of Dim Light {Fire rElec Str-4 Int+5 Stlth+}
   (You found it on level 9 of the Dungeon)

   [ring of fire]

   It enhances your fire magic.
   Str:       It affects your strength (-4).
   Int:       It affects your intelligence (+5).
   rF:        It protects you from fire.
   rC:        It makes you vulnerable to cold.
   rElec:     It insulates you from electricity.
   Stlth:     It makes you more stealthy.
 g - an amulet of regeneration (around neck)
 h - a +4 ring of protection (left hand)
 j - a ring of flight
 r - a +4 ring of slaying (right hand) {mikee}
 Y - a ring of protection from fire
Scrolls
 c - 4 scrolls of teleportation
 l - 3 scrolls of identify
Potions
 b - a potion of resistance
 d - 2 potions of enlightenment
 f - 4 potions of curing
 s - a potion of might
 u - a potion of haste {unknown}
 v - a potion of magic

Dungeon Overview and Level Annotations

Branches:
Dungeon (10/15)            Temple (1/1) D:6         Ossuary (visited)
   Lair: D:8-11         Orc: D:9-12

Altars:
Ashenzari
Cheibriados
Dithmenos
Elyvilon
Fedhas
Gozag
Hepliaklqana
Kikubaaqudgha
Makhleb
Nemelex Xobeh
Okawaru
Qazlal
Ru
Sif Muna
Trog
Uskayaw
Vehumet
Wu Jian
Xom
Yredelemnul
Zin
The Shining One
Jiyva

Shops:
D:2 !   D:5 *

Annotations:
D:7 1 runed translucent door, qw's ghost, novice GrFi
D:8 3 runed translucent doors, qw's ghost, novice GrHs
D:10 2 runed translucent doors, qw's ghost, novice MiHs


Message History

The centaur warrior skeleton is lightly damaged.
The centaur warrior skeleton hits you but does no damage.
The centaur warrior skeleton kicks you.
The shadow strikes at you from the darkness!
Reactivating autopickup.
You shoot an arrow.
The arrow hits the centaur warrior skeleton!
The centaur warrior skeleton is lightly damaged.
The centaur warrior skeleton hits you but does no damage.
The centaur warrior skeleton closely misses you.
You shoot an arrow.
The arrow hits the centaur warrior skeleton!
The centaur warrior skeleton is moderately damaged.
The shadow slips into darkness.
The shadow flickers and vanishes!
Deactivating autopickup; reactivate with Ctrl-A.
You shoot an arrow. The arrow hits the wraith.
The wraith is lightly damaged.
The shadow strikes at you from the darkness!
Reactivating autopickup.
9149 ||| READING 5 scrolls of teleportation.
As you read the scroll of teleportation, it crumbles to dust.
You feel strangely unstable. The shadow barely misses you.
The wraith barely misses you.
You shoot an arrow.
The arrow hits the wraith but does no damage.
The wraith is lightly damaged.
The shadow hits you.
You shoot an arrow.
The arrow hits the wraith but does no damage.
The wraith is lightly damaged.
The wraith hits you. The wraith drains your vigour!
You feel yourself slow down.
You shoot an arrow. The arrow hits the wraith.
The wraith is moderately damaged.
The shadow slips into darkness.
The shadow flickers and vanishes!
Deactivating autopickup; reactivate with Ctrl-A.
The wraith hits you but does no damage.
The shadow strikes at you from the darkness!
You die... #.....# ....### ########.#####.. ...#.. .........# #.. #..#.# .####.#### #.. #..#.# .####'#### #ZZ #..#.# .#.......# #ZZ #..#.## .#.}...}.# #ZZ

#....#. .#.......###
#W###########..###.
.+...}...'.####.@{..........####.
##.......#%..####......#####.....
#.}...}.#.#.####.(....##........
#.......#.#....#...)..##........
####+####.####.>..)..##########.
#.####.# ###.....# .#.# ##
#......# ####.##).# ?~).~# ##
######.# .........#.#.....##. #.#
.......).#.~}.#~.###


You could see a wraith, a centaur zombie, 3 centaur warrior zombies and 2
centaur warrior skeletons.

Vanquished Creatures
  A hydra (D:9)
  Amaemon (D:8)
  Pikel (D:8)
  An ugly thing (D:9)
  A manticore (D:9)
  A centaur zombie (D:10)
  Joseph (D:7)
  An orange demon (D:8)
  A gargoyle (D:10)
  Psyche (D:8)
  4 kobold demonologists (D:10)
  An unseen horror skeleton (D:10)
  A hornet (D:9)
  2 flying skulls (D:10)
  2 shadows (D:10)
  2 wyverns
  A wraith (D:10)
  7 yaks
  A basilisk (D:9)
  3 steam dragons
  A water moccasin (D:5)
  2 black bears
  An ice beast (D:5)
  2 sky beasts
  An orc warrior (D:10)
  An ogre (D:6)
  2 centaurs
  2 phantoms (D:5)
  2 bullfrogs (D:7)
  3 kobold brigands (D:10)
  2 scorpions
  5 wights
  8 killer bees
  2 troll zombies (Ossuary)
  5 howler monkeys
  2 hounds (D:5)
  A jelly (D:5)
  4 orc priests
  A gnoll bouda (D:8)
  4 iguanas
  A sleepcap (D:6)
  6 orc wizards
  3 ogre zombies (Ossuary)
  7 mummies (Ossuary)
  8 gnolls
  10 adders
  A river rat (D:5)
  2 white imps
  An ufetubus (D:5)
  4 adder zombies (Ossuary)
  4 worms
  3 dart slugs
  25 orcs
  9 bats
  6 endoplasms
  A giant cockroach (D:1)
  3 gnoll zombies (Ossuary)
  7 goblins
  5 hobgoblins
  3 jackals (D:3)
  7 quokkas
  2 ball pythons
  2 frilled lizards
  2 goblin zombies (Ossuary)
  3 hobgoblin zombies (Ossuary)
  14 kobolds
  8 kobold zombies (Ossuary)
  5 quokka zombies
  4 rats
  2 rat zombies
243 creatures vanquished.

Vanquished Creatures (others)
  A wizard (D:10)
  An iguana (D:6)
  An orc wizard (D:6)
  An orc (D:7)
4 creatures vanquished.

Grand Total: 247 creatures vanquished

Notes
Turn   | Place    | Note
-------+----------+-------------------------------------------
     0 | D:1      | qw the Gargoyle Hexslinger began the quest for the Orb.
     0 | D:1      | Reached XP level 1. HP: 12/12 MP: 2/2
     0 | D:1      | 0 ||| qw: Version: 0.3-a-52-g30416fa
     0 | D:1      | 0 ||| qw: Game counter: 7738
     0 | D:1      | 0 ||| qw: Melee chars always use a shield: true
     0 | D:1      | 0 ||| qw: God list: Okawaru
     0 | D:1      | 0 ||| qw: Allow faded altars: false
     0 | D:1      | 0 ||| qw: Do Orc after clearing Dungeon:15 true
     0 | D:1      | 0 ||| qw: Do second Lair branch before Depths: true
     0 | D:1      | 0 ||| qw: Lair rune preference: random
     0 | D:1      | 0 ||| qw: Goals: Normal
     0 | D:1      | 0 ||| PLANNING D:1-11
   130 | D:1      | You fall into a shaft and drop 1 floor!
   148 | D:2      | Found Vaymn's Distillery.
   153 | D:2      | 153 ||| SHOPLISTING potion of enlightenment (60 gold, have
                  | 0).
   153 | D:2      | 153 ||| SHOPLISTING potion of haste (120 gold, have 0).
   153 | D:2      | 153 ||| SHOPLISTING potion of heal wounds (60 gold, have
                  | 0).
   153 | D:2      | 153 ||| SHOPLISTING potion of might (48 gold, have 0).
   156 | D:2      | Reached XP level 2. HP: 16/16 MP: 3/3
   235 | D:2      | Identified the +1 chain mail "Ineneiskad" {-Tele Str+5}
   314 | D:2      | Reached skill level 3 in Ranged Weapons
   369 | D:2      | Reached XP level 3. HP: 16/21 MP: 4/4
   410 | D:2      | 410 ||| UPGRADING to +0 leather armour.
   420 | D:2      | 420 ||| DROPPING +0 robe.
   421 | D:2      | 421 ||| UPGRADING to +0 ring mail.
   431 | D:2      | 431 ||| DROPPING +0 leather armour.
   432 | D:2      | 432 ||| UPGRADING to +4 ring of protection.
   433 | D:2      | 433 ||| READING scroll labelled QEIR DEOTIHI.
   434 | D:2      | 434 ||| READING scroll labelled KUNONT DIURR.
   435 | D:2      | 435 ||| READING scroll labelled UXTOICWIBU.
   449 | D:2      | 449 ||| DROPPING scroll of poison.
   875 | D:1      | Found a faded altar of an unknown god.
  1260 | D:1      | 1260 ||| UPGRADING to amulet of regeneration.
  1265 | D:1      | 1265 ||| READING scroll labelled JEWAEBB ISMYPO.
  1266 | D:1      | 1266 ||| READING scroll labelled RORHEDD VITA.
  1267 | D:1      | 1267 ||| DRINKING 3 metallic blue potions.
  1268 | D:1      | 1268 ||| DRINKING 2 sedimented purple potions.
  1269 | D:1      | 1269 ||| DROPPING 2 potions of degeneration.
  1270 | D:1      | 1270 ||| DROPPING potion of brilliance.
  1847 | D:2      | 1847 ||| UPGRADING to ring of protection from fire.
  1884 | D:3      | Reached XP level 4. HP: 19/26 MP: 5/5
  2047 | D:3      | Reached skill level 4 in Ranged Weapons
  2125 | D:3      | Found a hazy altar of Hepliaklqana.
  2415 | D:3      | Found a stormy altar of Qazlal.
  2416 | D:3      | Found a hide-covered altar of Uskayaw.
  2454 | D:3      | 2454 ||| READING scroll labelled NUDWUEFR ZIAT.
  2455 | D:3      | 2455 ||| DRINKING 3 purple potions.
  2511 | D:4      | Reached skill level 1 in Armour
  2527 | D:4      | 2527 ||| FLEEEEING.
  2528 | D:4      | 2528 ||| FLEEEEING.
  2536 | D:4      | Reached XP level 5. HP: 27/30 MP: 6/6
  2547 | D:4      | 2547 ||| DRINKING 2 potions of curing.
  2547 | D:4      | 2547 ||| (to cure confusion)
  2570 | D:4      | Noticed a black bear
  2587 | D:4      | Killed a black bear
  2588 | D:4      | Reached skill level 5 in Ranged Weapons
  2588 | D:4      | Reached XP level 6. HP: 25/35 MP: 7/7
  2628 | D:4      | Reached skill level 3 in Fighting
  2688 | D:4      | Reached skill level 6 in Ranged Weapons
  2766 | D:4      | 2766 ||| FLEEEEING.
  2767 | D:4      | 2767 ||| FLEEEEING.
  2781 | D:4      | 2781 ||| FLEEEEING.
  2782 | D:4      | 2782 ||| FLEEEEING.
  2783 | D:4      | 2783 ||| FLEEEEING.
  2784 | D:4      | 2784 ||| FLEEEEING.
  2785 | D:4      | 2785 ||| FLEEEEING.
  2786 | D:4      | 2786 ||| FLEEEEING.
  2801 | D:4      | 2801 ||| FLEEEEING.
  2804 | D:4      | 2804 ||| FLEEEEING.
  2805 | D:4      | 2805 ||| FLEEEEING.
  2806 | D:4      | 2806 ||| FLEEEEING.
  2807 | D:4      | 2807 ||| FLEEEEING.
  2808 | D:4      | 2808 ||| FLEEEEING.
  2851 | D:4      | 2851 ||| STAIRDANCE
  2855 | D:4      | 2855 ||| STAIRDANCE
  2859 | D:4      | 2859 ||| STAIRDANCE
  2863 | D:4      | 2863 ||| STAIRDANCE
  2867 | D:4      | 2867 ||| STAIRDANCE
  2871 | D:4      | 2871 ||| STAIRDANCE
  2875 | D:4      | 2875 ||| STAIRDANCE
  2879 | D:4      | 2879 ||| STAIRDANCE
  2883 | D:4      | 2883 ||| STAIRDANCE
  2887 | D:4      | 2887 ||| STAIRDANCE
  2891 | D:4      | 2891 ||| STAIRDANCE
  2895 | D:4      | 2895 ||| STAIRDANCE
  2899 | D:4      | 2899 ||| STAIRDANCE
  2903 | D:4      | 2903 ||| STAIRDANCE
  2907 | D:4      | 2907 ||| STAIRDANCE
  2911 | D:4      | 2911 ||| STAIRDANCE
  2915 | D:4      | 2915 ||| STAIRDANCE
  2919 | D:4      | 2919 ||| STAIRDANCE
  2923 | D:4      | 2923 ||| STAIRDANCE
  2927 | D:4      | 2927 ||| STAIRDANCE
  2949 | D:4      | 2949 ||| FLEEEEING.
  2950 | D:4      | 2950 ||| FLEEEEING.
  2951 | D:4      | 2951 ||| FLEEEEING.
  2971 | D:4      | 2971 ||| FLEEEEING.
  2972 | D:4      | 2972 ||| FLEEEEING.
  2976 | D:4      | 2976 ||| FLEEEEING.
  3527 | D:4      | 3527 ||| READING 2 scrolls labelled IPNOYRPHILU.
  3531 | D:4      | 3531 ||| DRINKING 2 fuming golden potions.
  3635 | D:4      | 3635 ||| DROPPING potion of berserk rage.
  3658 | D:5      | Entered Level 5 of the Dungeon
  3659 | D:5      | 3659 ||| PLANNING SEWER
  3730 | D:5      | Reached XP level 7. HP: 33/43 MP: 8/8
  3916 | D:5      | Reached skill level 7 in Ranged Weapons
  4016 | D:5      | Found a sparkling altar of Nemelex Xobeh.
  4072 | D:5      | Found Jiel's General Store.
  4080 | D:5      | 4080 ||| BUYING 3 scrolls of identify (84 gold).
  4080 | D:5      | Bought 3 scrolls of identify for 84 gold pieces
  4215 | D:5      | Reached skill level 8 in Ranged Weapons
  4215 | D:5      | Reached XP level 8. HP: 48/48 MP: 9/9
  4249 | D:5      | 4249 ||| RIP SEWER
  4300 | D:5      | 4300 ||| PLANNING D:1-11
  4497 | D:5      | 4497 ||| READING 3 scrolls of identify.
  4497 | D:5      | 4497 ||| IDENTIFYING lumpy silvery potion
  4498 | D:5      | 4498 ||| READING 2 scrolls of identify.
  4498 | D:5      | 4498 ||| IDENTIFYING pink potion
  4695 | D:6      | Found a glowing golden altar of the Shining One.
  4787 | D:6      | 4787 ||| FLEEEEING.
  4788 | D:6      | 4788 ||| FLEEEEING.
  4789 | D:6      | 4789 ||| FLEEEEING.
  4820 | D:6      | Reached skill level 9 in Ranged Weapons
  4822 | D:6      | HP: 12/50 [orc/+0 hand axe (1)]
  4823 | D:6      | 4823 ||| READING scroll of teleportation.
  5015 | D:6      | 5015 ||| DRINKING 4 potions of curing.
  5015 | D:6      | 5015 ||| (to cure confusion)
  5072 | D:6      | Reached skill level 6 in Fighting
  5124 | D:6      | Found a staircase to the Ecumenical Temple.
  5125 | D:6      | 5125 ||| PLANNING TEMPLE
  5125 | D:6      | 5125 ||| UPGRADING to +0 steam dragon scales.
  5135 | D:6      | 5135 ||| DROPPING +0 ring mail.
  5136 | D:6      | 5136 ||| UPGRADING to +0 helmet.
  5141 | D:6      | 5141 ||| READING scroll of enchant armour.
  5141 | D:6      | 5141 ||| ENCHANTING +0 steam dragon scales.
  5142 | D:6      | 5142 ||| READING scroll labelled GESOMU OFFEPP.
  5143 | D:6      | 5143 ||| READING scroll labelled TISMUO CIYST.
  5144 | D:6      | 5144 ||| READING 2 scrolls of identify.
  5144 | D:6      | 5144 ||| IDENTIFYING inky potion
  5145 | D:6      | 5145 ||| DROPPING potion of magic.
  5153 | Temple   | Entered the Ecumenical Temple
  5181 | Temple   | 5181 ||| PLANNING OKAWARU WORSHIP
  5348 | Temple   | Became a worshipper of Warmaster Okawaru
  5349 | Temple   | 5349 ||| PLANNING D:1-11
  5559 | D:7      | 5559 ||| PLANNING OSSUARY
  5667 | D:7      | Noticed Joseph
  5674 | D:7      | Reached XP level 9. HP: 51/55 MP: 10/10
  5692 | D:7      | Killed Joseph
  5692 | D:7      | Reached * piety under Okawaru
  5693 | D:7      | Reached skill level 10 in Ranged Weapons
  5714 | D:7      | 5714 ||| INVOKING Heroism.
  5715 | D:7      | 5715 ||| INVOKING Heroism.
  5723 | D:7      | 5723 ||| Stepping ~*~*~tactically~*~*~ (outnumbered).
  5729 | D:7      | 5729 ||| INVOKING Heroism.
  5734 | D:7      | Reached skill level 1 in Invocations
  5760 | D:7      | 5760 ||| SWAPPING to +0 orcbow.
  5761 | D:7      | 5761 ||| DROPPING +2 sling.
  5765 | D:7      | Found a sand-covered staircase.
  5767 | D:7      | 5767 ||| UPGRADING to +2 leather armour of willpower.
  5777 | D:7      | 5777 ||| READING 2 scrolls of identify.
  5777 | D:7      | 5777 ||| IDENTIFYING glowing puce potion
  5785 | Ossuary  | Entered an ossuary
  5826 | Ossuary  | Reached skill level 3 in Dodging
  5839 | Ossuary  | 5839 ||| INVOKING Heroism.
  5872 | Ossuary  | 5872 ||| READING scroll of enchant weapon.
  5872 | Ossuary  | 5872 ||| ENCHANTING +0 orcbow.
  5931 | Ossuary  | 5931 ||| INVOKING Heroism.
  6190 | Ossuary  | 6190 ||| READING scroll labelled LUON WORCH.
  6191 | Ossuary  | 6191 ||| READING scroll labelled KIBOUD PESTRA.
  6192 | Ossuary  | 6192 ||| READING scroll labelled WOXUOSTYSCHU.
  6193 | Ossuary  | 6193 ||| DRINKING 2 smoky cyan potions.
  6210 | D:7      | 6210 ||| PLANNING D:1-11
  6222 | D:7      | Found a runed translucent door.
  6222 | D:7      | Noticed qw's ghost (novice GrFi)
  6239 | D:7      | Reached skill level 3 in Invocations
  6281 | D:7      | 6281 ||| READING 2 scrolls of identify.
  6281 | D:7      | 6281 ||| IDENTIFYING gluggy blue potion
  6485 | D:7      | 6485 ||| UPGRADING to +0 cloak.
  6490 | D:7      | 6490 ||| READING scroll labelled CIATAMIUTE.
  6491 | D:7      | 6491 ||| DROPPING potion of attraction.
  6546 | D:8      | 6546 ||| INVOKING Heroism.
  6618 | D:8      | 6618 ||| INVOKING Heroism.
  6705 | D:8      | 6705 ||| INVOKING Heroism.
  6730 | D:8      | Found a runed translucent gate.
  6730 | D:8      | Found a runed translucent gate.
  6730 | D:8      | Found a runed translucent gate.
  6779 | D:8      | Noticed qw's ghost (novice GrHs)
  6891 | D:8      | Noticed an orange demon
  6892 | D:8      | Noticed Amaemon
  6893 | D:8      | 6893 ||| Stepping ~*~*~tactically~*~*~ (outnumbered).
  6895 | D:8      | 6895 ||| Stepping ~*~*~tactically~*~*~ (outnumbered).
  6899 | D:8      | 6899 ||| INVOKING Heroism.
  6915 | D:8      | Killed Amaemon
  6916 | D:8      | Reached skill level 11 in Ranged Weapons
  6916 | D:8      | Reached XP level 10. HP: 47/63 MP: 11/13
  6917 | D:8      | Killed an orange demon
  6949 | D:8      | Noticed Pikel
  6965 | D:8      | Killed Pikel
  6965 | D:8      | Reached ** piety under Okawaru
  7058 | D:8      | Reached skill level 12 in Ranged Weapons
  7101 | D:8      | Noticed Psyche
  7102 | D:8      | 7102 ||| INVOKING Heroism.
  7106 | D:8      | Killed Psyche
  7370 | D:8      | Found a viscous altar of Jiyva.
  7371 | D:8      | 7371 ||| UPGRADING to +1 helmet.
  7381 | D:8      | 7381 ||| DROPPING +0 helmet.
  7382 | D:8      | 7382 ||| DROPPING ring of protection from cold.
  7383 | D:8      | 7383 ||| DROPPING +6 ring of strength.
  7384 | D:8      | 7384 ||| UPGRADING to +4 ring of slaying {mikee}.
  7386 | D:8      | 7386 ||| READING 3 scrolls of identify.
  7386 | D:8      | 7386 ||| IDENTIFYING white potion
  7387 | D:8      | 7387 ||| READING 2 scrolls of identify.
  7387 | D:8      | 7387 ||| IDENTIFYING clear potion
  7388 | D:8      | 7388 ||| DROPPING potion of lignification.
  7389 | D:8      | 7389 ||| DROPPING potion of ambrosia.
  7664 | D:9      | Noticed a manticore
  7665 | D:9      | 7665 ||| INVOKING Heroism.
  7671 | D:9      | Killed a manticore
  7707 | D:9      | Identified the ring of Dim Light {Fire rElec Str-4 Int+5
                  | Stlth+}
  7709 | D:9      | Noticed a white ugly thing
  7710 | D:9      | 7710 ||| INVOKING Heroism.
  7718 | D:9      | HP: 6/64 [white ugly thing (19)]
  7719 | D:9      | 7719 ||| READING 5 scrolls of teleportation.
  7720 | D:9      | 7720 ||| DRINKING 2 potions of heal wounds.
  7721 | D:9      | 7721 ||| DRINKING potion of heal wounds.
  7833 | D:9      | Reached skill level 13 in Ranged Weapons
  7840 | D:9      | Noticed a six-headed hydra
  7841 | D:9      | 7841 ||| INVOKING Heroism.
  7850 | D:9      | Killed a six-headed hydra
  7851 | D:9      | Reached skill level 9 in Fighting
  7851 | D:9      | Reached XP level 11. HP: 71/71 MP: 12/14
  7888 | D:9      | 7888 ||| INVOKING Heroism.
  7899 | D:9      | Killed a white ugly thing
  8313 | D:9      | Reached skill level 3 in Armour
  8378 | D:9      | Reached *** piety under Okawaru
  8384 | D:9      | 8384 ||| INVOKING Heroism.
  8542 | D:9      | 8542 ||| UPGRADING to +0 pair of gloves.
  8570 | D:10     | Entered Level 10 of the Dungeon
  8630 | D:10     | 8630 ||| Stepping ~*~*~tactically~*~*~ (outnumbered).
  8641 | D:10     | Noticed a soul eater
  8642 | D:10     | 8642 ||| INVOKING Heroism.
  8665 | D:10     | 8665 ||| INVOKING Heroism.
  8668 | D:10     | Reached skill level 14 in Ranged Weapons
  8710 | D:10     | 8710 ||| INVOKING Heroism.
  8737 | D:10     | Found a large runed translucent door.
  8737 | D:10     | Found a large runed translucent door.
  8742 | D:10     | Noticed qw's ghost (novice MiHs)
  8879 | D:10     | Found a bloodstained altar of Trog.
  8888 | D:10     | Noticed a wizard
  8891 | D:10     | Killed a wizard
  9128 | D:10     | Reached **** piety under Okawaru
  9143 | D:10     | 9143 ||| INVOKING Heroism.
  9148 | D:10     | HP: 6/72 [something (26)]
  9149 | D:10     | 9149 ||| READING 5 scrolls of teleportation.
  9152 | D:10     | Annihilated by a shadow

Levels and vault maps discovered:
D:1:      eino_arrival_cavern_b, layout_basic, ebering_ecumenical_altar_hall,
          chequers_garden, minmay_misc_feat_hallway
D:2:      layout_basic, serial_shops, shop
D:3:      layout_loops_ring, nicolae_overflow_hidden_temple
D:4:      layout_loops_ring, chequers_serial_rivers_micro_c
D:5:      layout_basic, nemelex_spade_bored_becter, gup_sewer_entry_bowl,
          serial_shops, shop, hangedman_abyss_or_decor_stabs,
          kennysheep_cluttered_room
D:6:      layout_loops_ring, tso_metal_star, minmay_temple_entry_grid
D:7:      layout_rooms, hellmonk_ghost_happy_afterlife, enter_ossuary_4,
          uniq_joseph
D:8:      layout_loops_ring, gammafunk_ghost_ooze, uniq_psyche, uniq_amaemon,
          uniq_pikel
D:9:      layout_grid_maze, minmay_diamond_spiral
D:10:     hangedman_screamer, layout_rooms, trog_wizard,
          ebering_ghost_disaster_area, minmay_fountain_box,
          minmay_strange_pillars
Temple:   nicolae_temple_bog_church

Skill      XL: |  1  2  3  4  5  6  7  8  9 10 11 |
---------------+----------------------------------+-----
Ranged Weapons | 3 4 5 6 8 9 11 13 14 | 14.3
Fighting       | 2 4 6 7 9 10 | 10.0
Armour         | 1 2 3 |  3.0
Dodging        | 2 3 4 |  4.0
Invocations    | 4 |  4.5
Spellcasting   | |  1.0
Hexes          | |  2.6

Action                     |  1- 3 |  4- 6 |  7- 9 | 10-12 || total
---------------------------+-------+-------+-------+-------++-------
   Fire: Sling             |   108 |   210 |   330 |       ||   648
         Orcbow            |       |       |   248 |   323 ||   571
 Invoke: Heroism           |       |       |     8 |    10 ||    18
    Use: Scroll            |     5 |     2 |    14 |     4 ||    25
         Potion            |     2 |     3 |     2 |     2 ||     9
 Armour: Robe              |     7 |       |       |       ||     7
         Ring mail         |    10 |   149 |   151 |       ||   310
         Steam dragon scal |       |       |    42 |       ||    42
         Leather armour    |       |       |   104 |    94 ||   198
  Dodge: Dodged            |    15 |    79 |   282 |   145 ||   521

Table legend:
 A = Non-vault XP
 B = Vault XP
 C = Vault XP percentage of total XP
 D = Non-vault monster count
 E = Vault monster count
 F = Vault count percentage of total count
                 A         B        C        D         E       F
            +---------+---------+-------+---------+---------+-------
      Total |    8852 |    7334 |  45.3 |     184 |      60 |  24.6
            +---------+---------+-------+---------+---------+-------
        D:1 |      31 |       0 |   0.0 |      19 |       0 |   0.0
        D:2 |      46 |       0 |   0.0 |      15 |       0 |   0.0
        D:3 |      39 |       0 |   0.0 |      12 |       0 |   0.0
        D:4 |     445 |       0 |   0.0 |      26 |       0 |   0.0
        D:5 |     940 |      16 |   1.7 |      20 |       3 |  13.0
        D:6 |     589 |       0 |   0.0 |      16 |       0 |   0.0
        D:7 |     765 |     462 |  37.7 |      10 |       3 |  23.1
        D:8 |    1159 |    2254 |  66.0 |      17 |       4 |  19.0
        D:9 |    1721 |    2154 |  55.6 |      16 |       4 |  20.0
       D:10 |    3117 |    2072 |  39.9 |      33 |       9 |  21.4
    Ossuary |       0 |     376 | 100.0 |       0 |      37 | 100.0
            +---------+---------+-------+---------+---------+-------
